SNL (28 & UNDER)
BLACKIRON DRAGONS @ BEAUMONT ROUGHNECKS
06/09/2030
 
TOP OF THE 1ST
BlackIron Dragons batting - Pitching for Beaumont Roughnecks : RHP Carlos Sánchez
Pitching: RHP Carlos Sánchez
Batting: SHB David Boyle 0-0: Fly out, F7 (Flyball, 7LS)
Batting: RHB Bernardo Corona 0-0: Ground out 4-3 (Groundball, 4)
Batting: RHB Joaquín Valenzuela 0-0: Called Strike
0-1: Ball
1-1: Ball
2-1: Called Strike
2-2: Ball
3-2: Foul Ball, location: 2F
3-2: Strikes out swinging
Top of the 1st over - 0 runs, 0 hits, 0 errors, 0 left on base; BlackIron 0 - Beaumont 0
BOTTOM OF THE 1ST
Beaumont Roughnecks batting - Pitching for BlackIron Dragons : RHP José Moreno
Pitching: RHP José Moreno
Batting: RHB John James 0-0: TRIPLE (Flyball, 8LXD)
Batting: LHB Roberto Félix 0-0: Ball
1-0: Foul Ball, location: 2F
1-1: TRIPLE (Flyball, 78XD)
John James scores
Batting: RHB Jeff Mason 0-0: Ball
1-0: Called Strike
1-1: Called Strike
1-2: Ball
2-2: Ball
3-2: Base on Balls
Batting: RHB Jim MacAchounich 0-0: Ball
1-0: Fly out, F3 (Popup, 23)
Batting: SHB Scott Cox 0-0: Called Strike
0-1: Swinging Strike
0-2: Ball
1-2: Ball
Wild Pitch!
Roberto Félix scores
Jeff Mason to second
2-2: Ball
3-2: Base on Balls
Batting: RHB Andrew O'Dell 0-0: Ball
Jeff Mason steals 3rd base
1-0: Foul Ball, location: 2F
1-1: Foul Ball, location: 2F
1-2: Ball
2-2: DOUBLE (Line Drive, 7LM)
Jeff Mason scores
Scott Cox to third
Batting: RHB António Aguilar 0-0: Ball
1-0: Ball
2-0: Swinging Strike
2-1: Called Strike
2-2: Ball
3-2: Foul Ball, location: 2F
3-2: Strikes out swinging
Batting: RHB Miguel Costa 0-0: Ball
1-0: Swinging Strike
1-1: Foul Ball, location: 2F
1-2: DOUBLE (Line Drive, 9LM)
Scott Cox scores
Andrew O'Dell scores
Batting: SHB Walton Locke 0-0: SINGLE (Line Drive, 9LS)
Miguel Costa to third
Runner from 3rd tries for Home, SAFE, no throw
Batting: RHB John James 0-0: Ball
1-0: Ball
Wild Pitch!
Walton Locke to second
2-0: Called Strike
2-1: Ball
3-1: Base on Balls
Batting: LHB Roberto Félix 0-0: Ball
1-0: Ball
2-0: Fielders Choice at 2nd, 6-4 (Groundball, 6)
Bottom of the 1st over - 6 runs, 5 hits, 0 errors, 2 left on base; BlackIron 0 - Beaumont 6
TOP OF THE 2ND
BlackIron Dragons batting - Pitching for Beaumont Roughnecks : RHP Carlos Sánchez
Batting: LHB José Martínez 0-0: Swinging Strike
0-1: DOUBLE (Line Drive, 89D)
Batting: RHB Millard Long 0-0: Called Strike
0-1: Ball
1-1: Foul Ball, location: 2F
1-2: Fly out, F9 (Flyball, 9LM)
Batting: RHB Foster Hapgood 0-0: Ball
1-0: Called Strike
1-1: Ball
2-1: Ball
Wild Pitch!
José Martínez to third
3-1: Foul Ball, location: 2F
3-2: Base on Balls
Batting: RHB Randall Walker 0-0: Called Strike
0-1: Ball
1-1: Called Strike
1-2: Ball
2-2: Ball
3-2: SINGLE (Groundball, 34D)
José Martínez scores
Foster Hapgood to second
Runner from 2nd tries for 3rd, SAFE, no throw
Batting: RHB Alexander Barr 0-0: Foul Ball, location: 2F
0-1: Called Strike
0-2: Ball
1-2: Strikes out swinging
Batting: RHB Júlio Rodríguez 0-0: Called Strike
0-1: Foul Ball, location: 2F
0-2: Ball
1-2: SINGLE (Groundball, 6D)
Foster Hapgood scores
Randall Walker to second
Batting: SHB David Boyle 0-0: Ball
Wild Pitch!
Randall Walker to third
Júlio Rodríguez to second
1-0: Foul Ball, location: 2F
1-1: Ball
2-1: Reached on error, E8 (Flyball, 89D)
Randall Walker scores
Júlio Rodríguez scores
Batting: RHB Bernardo Corona 0-0: Called Strike
0-1: Swinging Strike
0-2: Foul Ball, location: 2F
0-2: Ground out U3 (Groundball, 34)
Top of the 2nd over - 4 runs, 3 hits, 1 error, 1 left on base; BlackIron 4 - Beaumont 6
BOTTOM OF THE 2ND
Beaumont Roughnecks batting - Pitching for BlackIron Dragons : RHP José Moreno
Batting: RHB Jeff Mason 0-0: Ball
1-0: SOLO HOME RUN (Flyball, 9LD), Distance : 370 ft
Batting: RHB Jim MacAchounich 0-0: Called Strike
0-1: Called Strike
0-2: Foul Ball, location: 2F
0-2: Foul Ball, location: 2F
0-2: Strikes out swinging
Batting: SHB Scott Cox 0-0: Ground out U3 (Groundball, 3L)
Batting: RHB Andrew O'Dell 0-0: Foul Ball, location: 2F
0-1: Ball
1-1: Ball
2-1: Foul Ball, location: 2F
2-2: SINGLE (Line Drive, 8LS)
Batting: RHB António Aguilar 0-0: Called Strike
0-1: Called Strike
0-2: Foul Ball, location: 2F
0-2: Foul Ball, location: 2F
0-2: Foul Ball, location: 2F
0-2: Ball
1-2: Foul Ball, location: 2F
1-2: Ball
Andrew O'Dell steals 2nd base
2-2: Strikes out looking
Bottom of the 2nd over - 1 run, 2 hits, 0 errors, 1 left on base; BlackIron 4 - Beaumont 7
TOP OF THE 3RD
BlackIron Dragons batting - Pitching for Beaumont Roughnecks : RHP Carlos Sánchez
Batting: RHB Joaquín Valenzuela 0-0: Called Strike
0-1: Swinging Strike
0-2: Ball
1-2: Foul Ball, location: 2F
1-2: Reached on error, E3 (Groundball, 3S)
Batting: LHB José Martínez 0-0: Foul Ball, location: 2F
0-1: Ball
1-1: Ball
2-1: Foul Ball, location: 2F
2-2: Strikes out swinging
Batting: RHB Millard Long 0-0: Ball
1-0: Ball
2-0: Ball
3-0: Base on Balls
Joaquín Valenzuela to second
Batting: RHB Foster Hapgood 0-0: Ball
Joaquín Valenzuela steals 3rd base
1-0: Ball
2-0: Fly out, F7 (Flyball, 7)
Runner from 3rd tags up, SCORES, throw made
Batting: RHB Randall Walker 0-0: Ball
1-0: Ball
2-0: Ball
3-0: Called Strike
3-1: Base on Balls
Millard Long to second
Batting: RHB Alexander Barr 0-0: Ball
1-0: Ball
2-0: Ball
3-0: Called Strike
3-1: Called Strike
3-2: Foul Ball, location: 2F
3-2: Foul Ball, location: 2F
3-2: Strikes out swinging
Top of the 3rd over - 1 run, 0 hits, 1 error, 2 left on base; BlackIron 5 - Beaumont 7
BOTTOM OF THE 3RD
Beaumont Roughnecks batting - Pitching for BlackIron Dragons : RHP José Moreno
Batting: RHB Miguel Costa 0-0: Foul Ball, location: 2F
0-1: Foul Ball, location: 2F
0-2: Ball
1-2: Foul Ball, location: 2F
1-2: Strikes out swinging
Batting: SHB Walton Locke 0-0: Called Strike
0-1: Ball
1-1: Ball
2-1: Called Strike
2-2: SINGLE (Groundball, 4MD)
Batting: RHB John James 0-0: Ball
1-0: Ball
2-0: Swinging Strike
2-1: Ball
3-1: Foul Ball, location: 2F
3-2: Base on Balls
Walton Locke to second
Batting: LHB Roberto Félix 0-0: Fly out, F6 (Popup, 6S)
Batting: RHB Jeff Mason 0-0: Ball
1-0: SINGLE (Groundball, 56D)
Walton Locke to third
John James to second
Runner from 3rd tries for Home, SAFE, no throw
Batting: RHB Jim MacAchounich 0-0: Called Strike
0-1: Ball
1-1: SINGLE (Groundball, 4MD)
John James to third
Jeff Mason to second
Runner from 3rd tries for Home, SAFE, throw made home
Pitching: RHP António Molina
Batting: SHB Scott Cox 0-0: Called Strike
0-1: Ball
1-1: Called Strike
1-2: Strikes out looking
Bottom of the 3rd over - 2 runs, 3 hits, 0 errors, 2 left on base; BlackIron 5 - Beaumont 9
TOP OF THE 4TH
BlackIron Dragons batting - Pitching for Beaumont Roughnecks : RHP Carlos Sánchez
Batting: RHB Júlio Rodríguez 0-0: Foul Ball, location: 2F
0-1: Fly out, F7 (Flyball, 7)
Batting: SHB David Boyle 0-0: Ground out 4-3 (Groundball, 4)
Batting: RHB Bernardo Corona 0-0: Ball
1-0: Swinging Strike
1-1: Called Strike
1-2: SOLO HOME RUN (Flyball, 7D), Distance : 404 ft
Batting: RHB Joaquín Valenzuela 0-0: Ball
1-0: Called Strike
1-1: Ball
2-1: Ball
3-1: Ground out 1-3 (Groundball, 15S)
Top of the 4th over - 1 run, 1 hit, 0 errors, 0 left on base; BlackIron 6 - Beaumont 9
BOTTOM OF THE 4TH
Beaumont Roughnecks batting - Pitching for BlackIron Dragons : RHP António Molina
Batting: RHB Andrew O'Dell 0-0: Fly out, F8 (Flyball, 8RXD)
Batting: RHB António Aguilar 0-0: Foul Ball, location: 2F
0-1: Foul Ball, location: 2F
0-2: Ball
1-2: Ball
2-2: Ball
3-2: Foul Ball, location: 2F
3-2: Ground out 5-3 (Groundball, 56)
Batting: RHB Miguel Costa 0-0: Ball
1-0: Foul Ball, location: 2F
1-1: Foul Ball, location: 2F
1-2: Ball
2-2: Ground out 6-3 (Groundball, 6S)
Bottom of the 4th over - 0 runs, 0 hits, 0 errors, 0 left on base; BlackIron 6 - Beaumont 9
TOP OF THE 5TH
BlackIron Dragons batting - Pitching for Beaumont Roughnecks : RHP Carlos Sánchez
Pitching: RHP Enrique Paredes
Batting: LHB José Martínez 0-0: Ball
1-0: Foul Ball, location: 2F
1-1: SINGLE (Groundball, 4D)
Batting: RHB Millard Long 0-0: Ball
1-0: Ball
2-0: Foul Ball, location: 2F
2-1: Swinging Strike
2-2: Ball
3-2: Fly out, F9 (Flyball, 9)
Batting: RHB Foster Hapgood 0-0: Foul Ball, location: 2F
0-1: Foul Ball, location: 2F
0-2: Ball
1-2: DOUBLE (Flyball, 8RXD)
José Martínez to third
Runner from 3rd tries for Home, SAFE, no throw
Batting: RHB Randall Walker 0-0: Ball
Foster Hapgood steals 3rd base
1-0: Ground out 6-3 (Groundball, 6M)
Foster Hapgood scores
Batting: RHB Alexander Barr 0-0: Called Strike
0-1: Foul Ball, location: 2F
0-2: Ball
1-2: Strikes out swinging
Top of the 5th over - 2 runs, 2 hits, 0 errors, 0 left on base; BlackIron 8 - Beaumont 9
BOTTOM OF THE 5TH
Beaumont Roughnecks batting - Pitching for BlackIron Dragons : RHP António Molina
Batting: SHB Walton Locke 0-0: Ball
1-0: Fly out, F7 (Flyball, 7)
Batting: RHB John James 0-0: Foul Ball, location: 2F
0-1: Ball
1-1: Ball
2-1: Foul Ball, location: 2F
2-2: Ball
3-2: Foul Ball, location: 2F
3-2: Foul Ball, location: 2F
3-2: Base on Balls
Batting: LHB Roberto Félix 0-0: Ball
1-0: SINGLE (Line Drive, 4M)
John James to second
Batting: RHB Jeff Mason 0-0: Called Strike
0-1: Fly out, F4 (Popup, 4S)
Batting: RHB Jim MacAchounich 0-0: Swinging Strike
0-1: Foul Ball, location: 2F
0-2: Ball
1-2: Strikes out looking
Bottom of the 5th over - 0 runs, 1 hit, 0 errors, 2 left on base; BlackIron 8 - Beaumont 9
TOP OF THE 6TH
BlackIron Dragons batting - Pitching for Beaumont Roughnecks : RHP Enrique Paredes
Pitching: RHP Firmino Orsi
Batting: RHB Júlio Rodríguez 0-0: Ball
1-0: Foul Ball, location: 2F
1-1: Foul Ball, location: 2F
1-2: Foul Ball, location: 2F
1-2: Ground out 6-3 (Groundball, 6)
Batting: SHB David Boyle 0-0: Ball
1-0: Ball
2-0: Called Strike
2-1: Ball
3-1: Base on Balls
Batting: RHB Bernardo Corona 0-0: Ball
David Boyle steals 2nd base
1-0: Called Strike
1-1: Ground out 3-1 (Groundball, 34S)
David Boyle to third
Batting: RHB Joaquín Valenzuela 0-0: Ground out 3-1 (Groundball, 34)
Top of the 6th over - 0 runs, 0 hits, 0 errors, 1 left on base; BlackIron 8 - Beaumont 9
BOTTOM OF THE 6TH
Beaumont Roughnecks batting - Pitching for BlackIron Dragons : RHP António Molina
Batting: SHB Scott Cox 0-0: Called Strike
0-1: SINGLE (Groundball, 34S) (infield hit)
Batting: RHB Andrew O'Dell 0-0: Foul Ball, location: 2F
0-1: Fielders Choice at 2nd, 5-4 (Groundball, 56)
Batting: RHB António Aguilar 0-0: Called Strike
Andrew O'Dell steals 2nd base
0-1: Ball
1-1: Intentional Walk
Batting: RHB Miguel Costa 0-0: Called Strike
0-1: Foul Ball, location: 2F
0-2: Ball
1-2: Ball
2-2: SINGLE (Flyball, 89S)
Andrew O'Dell to third
António Aguilar to second
Runner from 3rd tries for Home, SAFE, no throw
Batting: SHB Walton Locke 0-0: Called Strike
0-1: SINGLE (Flyball, 8LS)
António Aguilar to third
Miguel Costa to second
Runner from 3rd tries for Home, throw and OUT!
Pitching: LHP Desi Wells
Batting: RHB John James 0-0: Ball
1-0: SINGLE (Line Drive, 34)
Miguel Costa to third
Walton Locke to second
Runner from 3rd tries for Home, SAFE, no throw
Batting: LHB Roberto Félix 0-0: Called Strike
0-1: Foul Ball, location: 2F
0-2: Strikes out swinging
Bottom of the 6th over - 2 runs, 4 hits, 0 errors, 2 left on base; BlackIron 8 - Beaumont 11
TOP OF THE 7TH
BlackIron Dragons batting - Pitching for Beaumont Roughnecks : RHP Firmino Orsi
Batting: LHB José Martínez 0-0: Ball
1-0: Fly out, F6 (Line Drive, 6)
Batting: RHB Millard Long 0-0: Foul Ball, location: 2F
0-1: Ball
1-1: Called Strike
1-2: Ball
2-2: Ball
3-2: Reached on error, E4 (Groundball, 34)
Batting: RHB Foster Hapgood 0-0: Ball
1-0: Called Strike
1-1: Called Strike
1-2: Foul Ball, location: 2F
1-2: Strikes out swinging
Batting: RHB Randall Walker 0-0: Swinging Strike
Passed Ball!
Millard Long to third
0-1: Ball
1-1: Ball
2-1: Foul Ball, location: 2F
2-2: Ground out 5-3 (Groundball, 5)
Top of the 7th over - 0 runs, 0 hits, 1 error, 1 left on base; BlackIron 8 - Beaumont 11
BOTTOM OF THE 7TH
Beaumont Roughnecks batting - Pitching for BlackIron Dragons : LHP Desi Wells
Batting: RHB Jeff Mason 0-0: Ball
1-0: SINGLE (Groundball, 34) (infield hit)
Batting: RHB Jim MacAchounich 0-0: Ball
1-0: Ball
2-0: Called Strike
2-1: Swinging Strike
2-2: Grounds into double play, 5-4-3 (Groundball, 56)
Batting: SHB Scott Cox 0-0: Called Strike
0-1: Called Strike
0-2: Foul Ball, location: 2F
0-2: Ball
1-2: Fly out, F8 (Line Drive, 8LM)
Bottom of the 7th over - 0 runs, 1 hit, 0 errors, 0 left on base; BlackIron 8 - Beaumont 11
TOP OF THE 8TH
BlackIron Dragons batting - Pitching for Beaumont Roughnecks : RHP Firmino Orsi
Batting: RHB Alexander Barr 0-0: Ball
1-0: Called Strike
1-1: Called Strike
1-2: Ball
2-2: Fly out, F9 (Flyball, 9)
Batting: RHB Júlio Rodríguez 0-0: Called Strike
0-1: Ball
1-1: Foul Ball, location: 2F
1-2: Fly out, F6 (Line Drive, 6)
Batting: SHB David Boyle 0-0: Ball
1-0: Ball
2-0: Ball
3-0: Base on Balls
Batting: RHB Bernardo Corona 0-0: Fly out, F8 (Flyball, 8RM)
Top of the 8th over - 0 runs, 0 hits, 0 errors, 1 left on base; BlackIron 8 - Beaumont 11
BOTTOM OF THE 8TH
Beaumont Roughnecks batting - Pitching for BlackIron Dragons : LHP Desi Wells
Batting: RHB Andrew O'Dell 0-0: Ball
1-0: Called Strike
1-1: Ground out 4-3 (Groundball, 4S)
Batting: RHB António Aguilar 0-0: Ball
1-0: Ball
2-0: Ball
3-0: Base on Balls
Batting: RHB Miguel Costa 0-0: Called Strike
0-1: Ball
1-1: Foul Ball, location: 2F
1-2: Ball
2-2: Grounds into double play, 6-4-3 (Groundball, 6)
Bottom of the 8th over - 0 runs, 0 hits, 0 errors, 0 left on base; BlackIron 8 - Beaumont 11
TOP OF THE 9TH
BlackIron Dragons batting - Pitching for Beaumont Roughnecks : RHP Firmino Orsi
Batting: RHB Joaquín Valenzuela 0-0: Foul Ball, location: 2F
0-1: SINGLE (Groundball, 6MD)
Batting: LHB José Martínez 0-0: Ball
1-0: Ball
2-0: Foul Ball, location: 2F
2-1: Ball
3-1: Base on Balls
Joaquín Valenzuela to second
Batting: RHB Millard Long 0-0: Called Strike
0-1: Ball
1-1: Fly out, F7 (Flyball, 7LS)
Batting: RHB Foster Hapgood 0-0: Grounds out, U3 (Groundball, 3L)
Joaquín Valenzuela to third
Pinch Hitting: LHB Giovannino Arduino 0-0: Foul Ball, location: 2F
0-1: Ball
1-1: Fly out, F9 (Flyball, 9)
Top of the 9th over - 0 runs, 1 hit, 0 errors, 2 left on base; BlackIron 8 - Beaumont 11
Saturday, April 7th, 2018 - OOTP Baseball 18.8 Build 76